 Dungeon Crawl Stone Soup version 0.30-a0-329-g85436e0a43 (webtiles) character file.

Game seed: 4538843027098606631

72 koil the Grave Robber (level 4, -4/32 HPs)
             Began as a Demonspawn Necromancer on Oct 28, 2022.
             Slain by a goblin
             ... wielding a +0 club
             ... led by Robin
              (6 damage)
             ... on level 2 of the Dungeon.
             The game lasted 00:06:32 (1409 turns).

koil the Grave Robber (Demonspawn Necromancer)      Turns: 1409, Time: 00:06:44

Health: -4/32      AC:  2    Str:  6    XL:     4   Next: 6%
Magic:  4/7        EV: 12    Int: 16    God:
Gold:   110        SH:  0    Dex: 14    Spells: 6/7 levels left

rFire   . . .      SeeInvis .    (no weapon)
rCold   . . .      Faith    .    (no shield)
rNeg    . . .      Spirit   .    a - +0 robe
rPois   .          Reflect  .    (helmet restricted)
rElec   .          Harm     .    (no cloak)
rCorr   .          Rampage  .    (no gloves)
Will    .....                    (no boots)
Stlth   ++........               (no amulet)
HPRegen 0.25/turn                (no ring)
MPRegen 0.20/turn                (no ring)

@: about to teleport
A: powered by pain 1, magic regeneration, weakness stinger 1, antennae 1, dopey
1, weak 1, wild magic 1
a: no special abilities


You were on level 2 of the Dungeon.
You visited 1 branch of the dungeon, and saw 2 of its levels.

You collected 110 gold pieces.

Inventory:

Hand Weapons
 d - a +0 short sword
Armour
 a - a +0 robe (worn)
Scrolls
 c - 2 scrolls of teleportation
 f - a scroll of poison {unknown}
 h - a scroll of blinking {unknown}
Potions
 b - a potion of magic
 e - 4 potions of curing {unknown}
 g - a potion of mutation
 i - 2 potions of attraction {unknown}


   Skills:
 + Level 1.2 Fighting
 + Level 2.3 Dodging
 + Level 2.4 Stealth
 + Level 0.7 Unarmed Combat
 + Level 2.4 Spellcasting
 + Level 4.7 Necromancy


You had 6 spell levels left.
You knew the following spells:

 Your Spells              Type           Power      Damage    Failure   Level
a - Necrotise             Necr           88%        1d8       4%          1

Your spell library contained the following spells:

 Spells                   Type           Power      Damage    Failure   Level
 Vampiric Draining        Necr           22%        2d7       13%         3
 Cigotuvi's Dreadful Rot  Necr/Pois/Air  18%        N/A       22%         2
 Animate Dead             Necr           22%        N/A       36%         4
 Poisonous Vapours        Pois/Air       4%         N/A       38%         2
 Mephitic Cloud           Conj/Pois/Air  2%         N/A       61%         3
 Agony                    Necr           22%        N/A       69%         5


Dungeon Overview and Level Annotations

Branches:
Dungeon (2/15)

Altars:
Kikubaaqudgha

Annotations:
D:2 Robin


Innate Abilities, Weirdness & Mutations

You sometimes gain a little power by taking damage.
You regenerate magic rapidly.
You have a small tail.
You have a pair of small antennae on your head.
You are dopey. (Int -2)
You are weak. (Str -2)
Your spells are a little harder to cast, but a little more powerful.


Message History

The ball python bites you. The ball python closely misses you.
Robin shouts!
The adder bites you but does no damage.
You closely miss the goblin. You tail-slap the goblin.
The goblin is heavily wounded.
You hit the ball python.
The ball python is moderately wounded.
Robin roars a battlecry!
The goblins go into a battle-frenzy!
The goblin hits you with a +0 club.
* * * LOW HITPOINT WARNING * * *
You hit the adder.
The adder is severely wounded.
The goblin hits you with a +0 club.
* * * LOW HITPOINT WARNING * * *
You barely miss the adder. You tail-slap the adder.
The adder is almost dead.
The adder barely misses you.
Robin roars a battlecry!
The goblin goes into a battle-frenzy!
The goblin hits you with a +0 club.
* * * LOW HITPOINT WARNING * * *
The adder closely misses you.
You hit the adder but do no damage.
The adder is almost dead.
The goblin closely misses you. The adder barely misses you.
Unknown command.
Unknown command.
Unknown command.
As you read the scroll labelled RUKHADGH KAGAAM, it crumbles to dust.
You feel strangely unstable.
It was a scroll of teleportation.
The adder misses you. The goblin closely misses you.
It was a potion of mutation.
You feel extremely strange.
You feel less in control of your magic.
You feel stupid.
You feel weaker. A pair of antennae grows on your head! The adder bites you.
* * * LOW HITPOINT WARNING * * *
Robin says, "A pitiful Demonspawn like you will never find the ORB!"
The goblin hits you with a +0 club.
You die...

###.#P...###.g......
#..#..## #........
####.>#.####.g......
#.....)....##..<....
#..........###g..#..
#...gg.....# ...## #
######
#...Sg.......##<#
#~~~~##
####S######### .#
###~~~######.@g# .#
####~~~~~~~~~######
.# ~~~~~~#####~~~~#
#~~~### #~~###
###########~~~# ..#
#~~~~~#####
##########~~~~~#
~~~~~~#######~~###
###~~~~~~~~~~#~~~#


You could see Robin, an adder, a hobgoblin (strong), 2 goblins and a ball
python.

Vanquished Creatures
  An adder (D:2)
  An adder zombie (D:2)
  A dart slug (D:2)
  2 endoplasms (D:2)
  2 giant cockroaches (D:1)
  5 goblins
  7 hobgoblins
  2 jackals (D:1)
  3 kobolds (D:1)
  2 quokkas (D:1)
  A ball python (D:1)
  A ball python zombie (D:2)
  5 bats
  2 frilled lizards (D:1)
  A quokka zombie (D:2)
  5 rats
41 creatures vanquished.

Vanquished Creatures (collateral kills)
  A dart slug (D:1)
  2 endoplasms (D:1)
  A giant cockroach (D:2)
  A goblin (D:2)
  2 hobgoblins
  A quokka (D:1)
  A kobold (D:1)
9 creatures vanquished.

Vanquished Creatures (others)
  4 withered plants (D:2)
4 creatures vanquished.

Grand Total: 54 creatures vanquished

Notes
Turn   | Place    | Note
-------+----------+-------------------------------------------
     0 | D:1      | koil the Demonspawn Necromancer began the quest for the
                  | Orb.
     0 | D:1      | Reached XP level 1. HP: 13/13 MP: 3/3
   147 | D:1      | Discovered your monstrous ancestry.
   147 | D:1      | Gained mutation: You have a small tail. [demonic ancestry]
   147 | D:1      | Reached XP level 2. HP: 19/20 MP: 3/5
   445 | D:1      | Gained mutation: You regenerate magic rapidly. [demonic
                  | ancestry]
   445 | D:1      | Reached XP level 3. HP: 24/25 MP: 4/6
   821 | D:1      | Reached skill level 1 in Fighting
   928 | D:1      | Found an ancient bone altar of Kikubaaqudgha.
  1361 | D:2      | Gained mutation: You sometimes gain a little power by
                  | taking damage. [demonic ancestry]
  1361 | D:2      | Reached XP level 4. HP: 32/32 MP: 4/7
  1396 | D:2      | Noticed Robin
  1409 | D:2      | Gained mutation: Your spells are a little harder to cast,
                  | but a little more powerful. [potion of mutation]
  1409 | D:2      | Gained mutation: You are dopey. (Int -2) [potion of
                  | mutation]
  1409 | D:2      | Gained mutation: You are weak. (Str -2) [potion of
                  | mutation]
  1409 | D:2      | Gained mutation: You have a pair of small antennae on your
                  | head. [potion of mutation]
  1409 | D:2      | Slain by a goblin

Illustrated notes

Levels and vault maps discovered:
D:1:      dpeg_arrival_water_altar, layout_basic
D:2:      layout_rooms, serial_undead, serial_undead_a, serial_undead_c,
          serial_undead_b, serial_undead_f, serial_undead_b, serial_undead_d,
          chequers_serial_rivers_large_b, uniq_robin, uniq_crazy_yiuf_cottage

Skill      XL: |  1  2  3 |
---------------+----------+-----
Stealth        | 2 |  2.4
Dodging        | 2 |  2.3
Fighting       | 1 |  1.2
Unarmed Combat | |  0.7
Spellcasting   | |  2.4
Necromancy     | |  4.7

Action                   |  1- 3 |  4- 6 || total
-------------------------+-------+-------++-------
Melee: Unarmed           |   110 |    10 ||   120
       Tailslap          |    17 |     3 ||    20
       Punch             |     2 |     1 ||     3
 Cast: Necrotise         |    53 |     9 ||    62
  Use: Scroll            |       |     1 ||     1
       Potion            |       |     1 ||     1
 Stab: Distracted        |     1 |       ||     1
       Sleeping          |     3 |       ||     3
Armor: Robe              |    22 |     5 ||    27
Dodge: Dodged            |    99 |    22 ||   121

Table legend: (Time is in decaauts)
 A = Elapsed time spent in this place.
 B = Non-inter-level travel time spent in this place.
 C = Inter-level travel time spent in this place.
 D = Time resting spent in this place.
 E = Time spent auto-exploring this place.
 F = Levels seen in this place.
 G = Mean time per level.
                   A        B        C        D        E       F      G
               +--------+--------+--------+--------+--------+-----+--------+
         Total |   1440 |   1425 |     15 |      0 |   1050 |   2 |  720.0 |
       Dungeon |   1440 |   1425 |     15 |      0 |   1050 |   2 |  720.0 |
               +--------+--------+--------+--------+--------+-----+--------+

Top non-repeatable levels by time:
     D:1: 952 daAuts
     D:2: 487 daAuts
